 Dungeon Crawl Stone Soup version 0.31.0-1-g2c135a0 (webtiles) character file.

Game seed: 8262421606321248872

1561 jagoly the Basher (level 8, -3/52 HPs)
             Began as a Gargoyle Monk on Feb 2, 2024.
             Was a Believer of the Shining One.
             Slain by a wyvern (8 damage)
             ... on level 7 of the Dungeon on Feb 3, 2024.
             The game lasted 00:19:06 (1963 turns).

jagoly the Basher (Gargoyle Monk)                   Turns: 1963, Time: 00:19:06

Health: -3/52      AC: 19    Str: 17    XL:     8   Next: 89%
Magic:  8/8        EV:  6    Int: 11    God:    the Shining One [**....]
Gold:   330        SH:  0    Dex: 12    Spells: 7/7 levels left

rFire   . . .        b - +0 war axe
rCold   + . .        d - orb {light}
rNeg    + + .        l - +0 plate armour
rPois   ∞            (no helmet)
rElec   +            (no cloak)
rCorr   .            g - +0 pair of gloves
SInv    .            (no boots)
Will    .....        E - amulet of magic regeneration Stlth
                     r - ring of protection from cold
HPRegen 0.28/turn    (no ring)
MPRegen 0.51/turn

%: no passive effects
@: confused, divinely shielded, ambrosia-drunk, glowing
A: sickness immunity, AC +5, negative energy resistance 1, electricity
resistance, torment resistance 1, petrification resistance
a: Renounce Religion, Divine Shield


You were on level 7 of the Dungeon.
You worshipped the Shining One.
The Shining One was pleased with you.
You visited 1 branch of the dungeon, and saw 8 of its levels.

You collected 330 gold pieces.

Inventory:

Hand Weapons
 a - a +0 morningstar
 b - a +0 war axe (weapon)
 C - a +0 executioner's axe
Missiles
 f - 31 stones (quivered)
 p - 2 throwing nets
 q - 10 poisoned darts
Armour
 d - an orb of light (worn)
 g - a +0 pair of gloves (worn)
 h - a +0 robe
 l - a +0 plate armour (worn)
 m - a +0 ring mail
Jewellery
 r - a ring of protection from cold (left hand)
 w - a ring of ice
 E - an amulet of magic regeneration (around neck)
Wands
 v - a wand of flame (10)
 D - a wand of roots (11)
Scrolls
 i - a scroll of enchant weapon {unknown}
 j - 2 scrolls of torment {unknown}
 k - a scroll of immolation {unknown}
 o - 3 scrolls of identify {unknown}
 u - a scroll of silence {unknown}
 x - a scroll of blinking {unknown}
 y - a scroll of amnesia {unknown}
 A - a scroll of teleportation {unknown}
 B - a scroll of poison {unknown}
Potions
 e - a potion of heal wounds {unknown}
 n - a potion of mutation {unknown}
 s - a potion of haste {unknown}
 t - a potion of cancellation {unknown}
 z - a potion of might {unknown}


   Skills:
 + Level 6.7 Fighting
 * Level 8.1 Maces & Flails
 + Level 5.6 Armour
 - Level 3.0 Dodging


You had 7 spell levels left.
You didn't know any spells.
Your spell library was empty.

Dungeon Overview and Level Annotations

Branches:
Dungeon (8/15) Zot: 26902
 Temple: D:4-7         Lair: D:8-11

Altars:
The Shining One

Shops:
D:5 (*[


Innate Abilities, Weirdness & Mutations

You are immune to sickness and miasma.
Your stone body is resilient. (AC +5)
You are immune to poison.
You resist negative energy. (rN+)
You are resistant to electric shocks. (rElec)
You are resistant to unholy torment.
You are immune to petrification.


Message History

Hit: a) +0 morningstar
Press: ? - help, Dir - move target, f/p - ice beast
Aim: an ice beast (almost dead, haloed, about 22% to evade your +0 morningstar)
You puncture the ice beast!
You kill the ice beast!
The white imp hits you but does no damage.
Your Armour skill increases to level 5!
Hit: a) +0 morningstar
Press: ? - help, Dir - move target, f - white imp
Aim: a white imp (haloed, about 22% to evade your +0 morningstar)
You hit the white imp but do no damage.
The white imp hits you but does no damage.
Hit: a) +0 morningstar
Press: ? - help, Dir - move target, f/p - white imp
Aim: a white imp (haloed, about 22% to evade your +0 morningstar)
You barely miss the white imp. The white imp gestures at you.
The puff of frost hits you but does no damage.
Hit: a) +0 morningstar
Press: ? - help, Dir - move target, f/p - white imp
Aim: a white imp (haloed, about 22% to evade your +0 morningstar)
You barely miss the white imp. The white imp barely misses you.
Hit: a) +0 morningstar
Press: ? - help, Dir - move target, f/p - white imp
Aim: a white imp (haloed, about 22% to evade your +0 morningstar)
You hit the white imp.
The white imp is lightly wounded.
The white imp hits you.
* * * LOW HITPOINT WARNING * * *
The white imp freezes you. You resist.
* * * LOW HITPOINT WARNING * * *
The white imp hits you but does no damage.
Hit: a) +0 morningstar
Press: ? - help, Dir - move target, f/p - white imp
Aim: a white imp (lightly wounded, haloed, about 22% to evade your +0 morningstar)
You impale the white imp!!
You kill the white imp!
The Shining One accepts your kill.
Hit: a) +0 morningstar
Press: ? - help, Dir - move target, f - you
Okay, then.
Press: ? - help, v - describe, . - travel
Here: an orc, wielding a +0 vampiric trident The floor.
Throw: 32 stones
Press: ? - help, Q - select action, (/) - cycle Shift-Dir - straight line, f - orc
Aim: an orc, wielding a +0 vampiric trident (57% to hit)
You throw a stone. The stone barely misses the orc.
Throw: 31 stones
Press: ? - help, Q - select action, (/) - cycle Shift-Dir - straight line, f/p - orc
Aim: an orc, wielding a +0 vampiric trident (57% to hit)
You throw a stone. The stone hits the orc.
The orc is lightly wounded.
Throw: 30 stones
Press: ? - help, Q - select action, (/) - cycle Shift-Dir - straight line, f/p - orc
Aim: an orc, wielding a +0 vampiric trident (lightly wounded, 57% to hit)
You throw a stone. The stone completely misses the orc.
Throw: 29 stones
Press: ? - help, Q - select action, (/) - cycle Shift-Dir - straight line, f/p - orc
Aim: an orc, wielding a +0 vampiric trident (lightly wounded, haloed, 77% to hit)
You throw a stone.
The stone hits the orc but does no damage.
The orc is lightly wounded.
The orc hits you with a +0 vampiric trident.
* * * LOW HITPOINT WARNING * * *
You bludgeon the orc!!
You kill the orc!
Found 12 gold pieces.
The iguana hisses angrily.
You see here a +0 executioner's axe.
C - a +0 executioner's axe
There is a stone staircase leading up here.
Throw: 28 stones
Press: ? - help, Q - select action, (/) - cycle Shift-Dir - straight line, f - iguana
Aim: an iguana (haloed, 81% to hit)
You throw a stone.
The stone hits the iguana but does no damage.
Throw: 27 stones
Press: ? - help, Q - select action, (/) - cycle Shift-Dir - straight line, f/p - iguana
Aim: an iguana (haloed, 81% to hit)
You throw a stone.
The stone hits the iguana but does no damage.
You can't go down here!
The iguana bites you.
* * * LOW HITPOINT WARNING * * *
You climb upwards.
There is a stone staircase leading down, spattered with blood here.
Items here: )) [ †.
Hit: a) +0 morningstar
Press: ? - help, Dir - move target, f - iguana
Aim: an iguana (haloed, about 18% to evade your +0 morningstar)
You hit the iguana but do no damage. The iguana barely misses you.
The iguana bites you but does no damage.
Hit: a) +0 morningstar
Press: ? - help, Dir - move target, f/p - iguana
Aim: an iguana (haloed, about 18% to evade your +0 morningstar)
You puncture the iguana!
The iguana is almost dead.
The iguana bites you but does no damage.
Hit: a) +0 morningstar
Press: ? - help, Dir - move target, f/p - iguana
Aim: an iguana (almost dead, haloed, about 18% to evade your +0 morningstar)
You hit the iguana.
The iguana is almost dead.
The iguana bites you.
* * * LOW HITPOINT WARNING * * *
Hit: a) +0 morningstar
Press: ? - help, Dir - move target, f/p - iguana
Aim: an iguana (almost dead, haloed, about 18% to evade your +0 morningstar)
You sock the iguana!
You kill the iguana!
You climb downwards.
The sleepcap releases spores at you.
* * * LOW HITPOINT WARNING * * *
The sleepcap releases spores at you but does no damage.
There is a stone staircase leading up here.
Hit: a) +0 morningstar
Press: ? - help, Dir - move target, f - sleepcap
Aim: a sleepcap (haloed, about 2% to evade your +0 morningstar)
You sock the sleepcap!
The sleepcap is heavily damaged.
The sleepcap closely misses you.
Hit: a) +0 morningstar
Press: ? - help, Dir - move target, f/p - sleepcap
Aim: a sleepcap (heavily damaged, haloed, about 2% to evade your +0 morningstar)
You puncture the sleepcap!
The sleepcap is almost destroyed.
The sleepcap releases spores at you but does no damage.
Hit: a) +0 morningstar
Press: ? - help, Dir - move target, f/p - sleepcap
Aim: a sleepcap (almost destroyed, haloed, about 2% to evade your +0 morningstar)
You completely miss the sleepcap.
The sleepcap is almost destroyed.
The sleepcap releases spores at you but does no damage.
Hit: a) +0 morningstar
Press: ? - help, Dir - move target, f/p - sleepcap
Aim: a sleepcap (almost destroyed, haloed, about 2% to evade your +0 morningstar)
You hit the sleepcap.
The sleepcap is almost destroyed.
The sleepcap releases spores at you but does no damage.
Hit: a) +0 morningstar
Press: ? - help, Dir - move target, f/p - sleepcap
Aim: a sleepcap (almost destroyed, haloed, about 2% to evade your +0 morningstar)
You puncture the sleepcap!
You destroy the sleepcap!
Unknown command.
f - 29 stones (gained 3)
Found a stone staircase leading up.
You now have 265 gold pieces (gained 12).
Found 16 gold pieces.
You now have 281 gold pieces (gained 16).
E - an amulet of magic regeneration You start putting on your amulet.
You continue putting on your amulet of magic regeneration. x5
You finish putting on your amulet of magic regeneration.
E - an amulet of magic regeneration (around neck)
You remove your ring of ice.
Found an escape hatch in the ceiling.
There is a stone staircase leading down here.
You climb downwards.
There is a stone staircase leading up here.
You climb upwards.
There is a stone staircase leading down here.
The gnoll sergeant shouts!
You hear an angry growl.
There is a stone staircase leading down here.
The gnoll sergeant hits you with a +0 trident.
The gnoll shouts!
You puncture the gnoll sergeant!
The gnoll sergeant is moderately wounded.
You hear a shout!
The gnoll sergeant barely misses you.
You sock the gnoll sergeant!
The gnoll sergeant is severely wounded.
The gnoll sergeant hits you but does no damage. x2
You puncture the gnoll sergeant!
You kill the gnoll sergeant!
The gnoll hits you but does no damage.
You puncture the gnoll!
You kill the gnoll!
The gnoll shouts! x2; You hear an angry growl.
Things that are here:
a +0 trident; a +0 ring mail You sock the gnoll!
The gnoll is severely wounded.
The gnoll closely misses you.
You barely miss the gnoll.
The gnoll is severely wounded.
The gnoll hits you with a +0 flail.
A black bear comes into view.
The gnoll barely misses you.
You puncture the gnoll!
You kill the gnoll!
The gnoll hits you with a +0 flail!
* * * LOW HITPOINT WARNING * * *
You completely miss the gnoll. The gnoll hits you but does no damage.
You hit the gnoll.
The gnoll is lightly wounded.
The gnoll hits you but does no damage.
You sock the gnoll!
The gnoll is almost dead.
The gnoll barely misses you.
You barely miss the gnoll.
The gnoll is almost dead.
The gnoll hits you with a +0 flail!
* * * LOW HITPOINT WARNING * * *
You sock the gnoll!
You kill the gnoll!
The black bear bites you but does no damage.
The black bear claws you but does no damage.
The black bear claws you.
* * * LOW HITPOINT WARNING * * *
Your shield is strengthened by the Shining One's divine power.
The black bear completely misses you. The black bear closely misses you.
The black bear barely misses you.
Aiming: Fastroot
Press: ? - help, Shift-Dir - straight line The roots erupt in riotous growth!
Roots grab the black bear.
The grasping roots constrict the black bear.
The black bear bites you.
* * * LOW HITPOINT WARNING * * *
The black bear claws you but does no damage. x2
Hit: a) +0 morningstar
Press: ? - help, Dir - move target, f - black bear
Aim: a black bear (lightly wounded, constricted by roots, haloed, about 3% to evade your +0 morningstar)
You hit the black bear.
The black bear is lightly wounded.
The grasping roots constrict the black bear!
The roots release their grip on the black bear.
The black bear completely misses you.
The black bear claws you but does no damage. x2
Hit: a) +0 morningstar
Press: ? - help, Dir - move target, f/p - black bear
Aim: a black bear (heavily wounded, haloed, about 14% to evade your +0 morningstar)
You hit the black bear.
The black bear is heavily wounded.
The black bear bites you.
* * * LOW HITPOINT WARNING * * *
The black bear closely misses you.
The black bear claws you but does no damage.
Hit: a) +0 morningstar
Press: ? - help, Dir - move target, f/p - black bear
Aim: a black bear (heavily wounded, haloed, about 14% to evade your +0 morningstar)
You impale the black bear!!
You kill the black bear!
You now have 295 gold pieces (gained 14).
You see here a +0 flail.
There is a stone staircase leading up here.
There is a stone staircase leading up here.
You climb upwards.
There is a stone staircase leading down here.
There is an entrance to Biewem's Antique Armour Emporium here.
You can access your shopping list by pressing '$'.
There is a stone staircase leading down here.
You climb downwards.
There is a stone staircase leading up here.
Your divine shield fades away.
Found 20 gold pieces.
Found a stone staircase leading down.
You now have 315 gold pieces (gained 20).
There is a stone staircase leading down here.
You climb downwards.
There is a stone staircase leading up here.
WARNING: ABOUT TO ENTER EXPLORE MODE!
In explore mode, death is optional.
Once you set a character to explore mode, you can't switch back.
If you continue, your game will not be scored!
Do you really want to enter explore mode? (Confirm with "yes".)
Okay, then.
Found 2 stones.
f - 31 stones (gained 2)
Found 15 gold pieces.
You now have 330 gold pieces (gained 15).
Found a stone staircase leading down.
You are illuminated by a small divine halo.
You are glowing.
Your movement speed is average.
Your attack delay is about 1.1.
Your damage rating with your +0 morningstar is about 19 (Base 13 x 117% (Str) x 127% (Skill)).
Unknown command.
Unknown command.
There is a stone staircase leading down here.
You climb downwards.
The bullfrog croaks.
Found a stone staircase leading down.
There is a stone staircase leading up here.
The bullfrog hits you but does no damage.
The bullfrog hits you but does no damage.
You completely miss the bullfrog.
The bullfrog hits you but does no damage. x2
You barely miss the bullfrog. The bullfrog hits you.
You sock the bullfrog!
The bullfrog is severely wounded.
The bullfrog hits you but does no damage. x2
You hit the bullfrog.
The bullfrog is almost dead.
The bullfrog hits you but does no damage.
The bullfrog closely misses you.
You hit the bullfrog.
You kill the bullfrog!
Your Maces & Flails skill increases to level 8!
No target in view!
You climb upwards.
There is a stone staircase leading down here.
Okay, then.
A white imp comes into view.
The white imp shouts, "Leave, thou artless clay-brained beggar!"
An orc comes into view. It is wielding a +0 club.
The orc shouts!
The white imp gestures at you. The puff of frost hits you. You resist.
An orc wizard comes into view. It is wielding a +0 dagger.
You barely miss the white imp.
The orc wizard shouts!
You hear a shout!
The white imp gestures at you. The puff of frost hits you. You resist.
You sock the white imp!
The white imp is severely wounded.
The white imp hits you but does no damage.
You puncture the white imp!
You kill the white imp!
The Shining One accepts your kill.
You feel better.
You puncture the orc!
You kill the orc!
The orc wizard hits you but does no damage.
An orc comes into view. It is wielding a +0 dagger.
Things that are here:
a +0 club; an orc corpse You sock the orc wizard!
You kill the orc wizard!
The orc hits you but does no damage.
Things that are here:
a +0 dagger; a +0 robe; an orc corpse You hit the orc but do no damage.
The orc hits you with a +0 dagger.
You hit the orc.
The orc is moderately wounded.
The orc hits you but does no damage.
You puncture the orc!
You kill the orc!
Things that are here:
a +0 dagger; an orc corpse An orc wizard comes into view.
It is wielding a +0 dagger.
The orc wizard shouts!
You hear a howl!
An orc wizard is nearby!
An orc comes into view. It is wielding a +0 club.
The orc shouts!
An orc comes into view. It is wielding a +0 club.
Found a stone staircase leading down.
The orc shouts!
You hear an angry hiss.
A howler monkey comes into view.
The orc wizard hits you but does no damage.
The howler monkey hoots and howls with incredible vigour!
You hit the orc wizard but do no damage.
The orc wizard casts a spell at you.
You are confused.
A howler monkey comes into view.
You are too confused!
The orc attacks as it pursues you! The orc hits you but does no damage.
An iguana comes into view.
The iguana hisses angrily.
The howler monkey hoots and howls with incredible vigour!
The orc attacks as it pursues you! The orc barely misses you.
The orc wizard casts a spell at you. The magic dart hits you.
You're too confused to move!
A howler monkey comes into view.
The orc wizard points at you and mumbles some strange words.
The magic dart hits you. The orc hits you with a +0 club.
The howler monkey howls!
You hear an angry hiss.
The orc barely misses you.
You closely miss the orc wizard.
You feel less confused. The orc hits you but does no damage.
The orc wizard hits you but does no damage.
b - a +0 war axe (weapon)
You hit the iguana.
The iguana is moderately wounded.
You hit the orc wizard. You hit the orc. x2
A wyvern comes into view.
The orc wizard casts a spell at you.
You are confused.
The orc hits you but does no damage. x2; The iguana barely misses you.
Okay, then.
Okay, then.
You barely miss the orc.
The orc is lightly wounded.
You hit the iguana. You barely miss the orc.
You hit the orc wizard but do no damage.
The orc wizard hits you but does no damage.
The orc hits you but does no damage. x2; The iguana bites you.
The orc hits you but does no damage.
The orc wizard hits you but does no damage.
The orc hits you but does no damage.
The iguana bites you but does no damage.
You bump into the rock wall.
The orc hits you but does no damage. x2
The orc wizard hits you but does no damage.
The iguana bites you but does no damage.
You bump into the rock wall.
The howler monkey hoots and howls with incredible vigour!
The orc wizard hits you with a +0 dagger.
The orc hits you but does no damage. x2; The iguana barely misses you.
The orc hits you but does no damage.
The orc wizard gestures wildly while chanting.
The orc wizard flickers and vanishes for a moment.
The iguana bites you but does no damage.
The orc attacks as it pursues you! The orc hits you but does no damage.
You bump into the rock wall.
The orc hits you but does no damage. x2
The iguana completely misses you.
The howler monkey hoots and howls with incredible vigour!
You feel less confused.
The iguana bites you but does no damage.
The howler monkey hoots and howls with incredible vigour!
The iguana bites you but does no damage.
The orc attacks as it pursues you! The orc hits you but does no damage.
a - a +0 morningstar (weapon)
Hit: a) +0 morningstar
Press: ? - help, Dir - move target, f - iguana
Aim: an iguana (moderately wounded, haloed, about 18% to evade your +0 morningstar)
You barely miss the iguana.
The iguana is moderately wounded.
The iguana barely misses you.
Okay, then.
Your shield is strengthened by the Shining One's divine power.
The iguana barely misses you.
Aiming: Fastroot
Press: ? - help, Shift-Dir - straight line, f - you, p - iguana The roots erupt in riotous growth!
Roots grab the wyvern.
Roots grab the iguana.
The grasping roots constrict the iguana.
The grasping roots constrict the wyvern!
The wyvern bites you. The iguana closely misses you.
The wyvern bites you but does no damage.
Hit: a) +0 morningstar
Press: ? - help, Dir - move target, f - wyvern
Aim: a wyvern (moderately wounded, constricted by roots, haloed, about 3% to evade your +0 morningstar)
You hit the wyvern.
The wyvern is heavily wounded.
The grasping roots constrict the iguana!
You kill the iguana!
The grasping roots constrict the wyvern.
The roots release their grip on the wyvern.
The wyvern bites you but does no damage.
Hit: a) +0 morningstar
Press: ? - help, Dir - move target, f/p - wyvern
Aim: a wyvern (heavily wounded, haloed, about 21% to evade your +0 morningstar)
You hit the wyvern.
The wyvern is severely wounded.
The wyvern bites you but does no damage. x2
The orc wizard closely misses you.
Hit: a) +0 morningstar
Press: ? - help, Dir - move target, f/p - wyvern
Aim: a wyvern (heavily wounded, haloed, about 21% to evade your +0 morningstar)
You hit the wyvern but do no damage.
The wyvern is heavily wounded.
The howler monkey hoots and howls with incredible vigour!
The wyvern bites you but does no damage.
The orc wizard closely misses you. The wyvern bites you!
Hit: a) +0 morningstar
Press: ? - help, Dir - move target, f/p - wyvern
Aim: a wyvern (heavily wounded, haloed, about 21% to evade your +0 morningstar)
You completely miss the wyvern.
The wyvern is heavily wounded.
The orc closely misses you.
The wyvern bites you but does no damage.
The orc wizard hits you but does no damage.
Hit: a) +0 morningstar
Press: ? - help, Dir - move target, f/p - wyvern
Aim: a wyvern (heavily wounded, haloed, about 21% to evade your +0 morningstar)
You hit the wyvern.
The wyvern is severely wounded.
The wyvern bites you.
* * * LOW HITPOINT WARNING * * *
The orc hits you but does no damage.
The orc wizard gestures at you while chanting.
You are confused.
The wyvern barely misses you. The orc hits you but does no damage.
You're too confused to aim your attacks!
Unknown command.
b - a +0 war axe (weapon)
You're too confused to move!
The wyvern bites you.
* * * LOW HITPOINT WARNING * * *
The orc wizard hits you but does no damage.
The wyvern bites you but does no damage.
You bump into the rock wall.
The wyvern bites you.
* * * LOW HITPOINT WARNING * * *
The orc wizard hits you but does no damage.
You hit the wyvern but do no damage.
The wyvern is severely wounded.
You hit the howler monkey. You closely miss the orc wizard.
The wyvern bites you!
* * * LOW HITPOINT WARNING * * *
The orc wizard barely misses you. The wyvern bites you.
* * * LOW HITPOINT WARNING * * *
The orc wizard completely misses you.
You are more confused.
You feel invigorated. The wyvern bites you.
* * * LOW HITPOINT WARNING * * *
The howler monkey hits you but does no damage.
The wyvern bites you!
You die...

. ... #.########
#. . >. #.# #.
#.#. #.#
#..#.#.######.#
###..#..........#
........hkh######
#....###.h#
#....k.#oo#
#@#o.# #ohh.#
#.#o.# .....##
#....## ...#.##
#.###.# ... ..#
#. ###


You could see a wyvern, 2 howler monkeys, an orc wizard (invisible) and an orc.

Vanquished Creatures
  Sigmund (D:5)
  3 black bears
  2 ice beasts
  A kobold brigand (D:3)
  Blork the orc (D:5)
  A gnoll sergeant (D:6)
  A bullfrog (D:8)
  2 scorpions (D:5)
  A bombardier beetle (D:4)
  A sleepcap (D:6)
  2 iguanas
  Ijyb (D:5)
  5 orc wizards
  4 adders
  14 gnolls
  2 white imps
  2 ufetubi (D:5)
  2 dart slugs
  4 ribbon worms
  17 orcs
  4 endoplasms
  3 giant cockroaches
  3 goblins (D:1)
  6 hobgoblins (D:1)
  4 jackals (D:1)
  6 kobolds
  2 quokkas
  6 ball pythons
  4 bats (D:1)
  2 frilled lizards (D:1)
  4 rats
111 creatures vanquished.

Notes
Turn   | Place    | Note
-------+----------+-------------------------------------------
     0 | D:1      | jagoly the Gargoyle Monk began the quest for the Orb.
     0 | D:1      | Reached XP level 1. HP: 14/14 MP: 1/1
    38 | D:2      | Noticed an orc wizard
    91 | D:1      | Reached XP level 2. HP: 19/19 MP: 2/2
   249 | D:1      | Reached skill level 1 in Armour
   354 | D:1      | Reached XP level 3. HP: 17/23 MP: 3/3
   477 | D:1      | Reached XP level 4. HP: 26/29 MP: 4/4
   560 | D:4      | Noticed a black bear
   585 | D:2      | Reached skill level 4 in Maces & Flails
   592 | D:2      | Found a glowing golden altar of the Shining One.
   605 | D:2      | Became a worshipper of the Shining One
   605 | D:2      | Reached * piety under the Shining One
   605 | D:2      | Reached ** piety under the Shining One
   744 | D:3      | Noticed a kobold brigand
   761 | D:3      | Killed a kobold brigand
   762 | D:3      | Reached XP level 5. HP: 19/33 MP: 5/5
   968 | D:2      | Reached XP level 6. HP: 35/39 MP: 6/6
  1024 | D:4      | Killed a black bear
  1025 | D:4      | Reached skill level 5 in Maces & Flails
  1105 | D:5      | Entered Level 5 of the Dungeon
  1128 | D:5      | Found Paevium's Weapon Emporium.
  1128 | D:5      | Found Issi's General Store.
  1128 | D:5      | Found Biewem's Antique Armour Emporium.
  1396 | D:5      | Reached XP level 7. HP: 36/44 MP: 7/7
  1404 | D:5      | Noticed Blork the orc
  1406 | D:5      | Reached skill level 5 in Fighting
  1412 | D:5      | Killed Blork the orc
  1434 | D:5      | Noticed Sigmund
  1445 | D:5      | Killed Sigmund
  1446 | D:5      | Reached skill level 6 in Maces & Flails
  1486 | D:5      | Reached XP level 8. HP: 25/51 MP: 8/8
  1495 | D:5      | Reached skill level 7 in Maces & Flails
  1546 | D:5      | Noticed Ijyb
  1554 | D:5      | Killed Ijyb
  1652 | D:6      | Reached skill level 5 in Armour
  1877 | D:8      | Reached skill level 8 in Maces & Flails
  1941 | D:7      | Noticed a wyvern
  1963 | D:7      | Slain by a wyvern

Illustrated notes

Levels and vault maps discovered:
D:1:      minmay_arrival_jagged, layout_loops_cross, grunt_decor_clamped,
          minmay_pentomino_r2
D:2:      minmay_kobold_bridge, layout_rooms, basic_altar,
          shapermc_ecumenical_altar_totnotflames
D:3:      layout_loops_cross
D:4:      layout_loops_ring, mainiacjoe_overflow_six_doors_small,
          uniq_eustachio, uniq_natasha
D:5:      layout_rooms, minmay_temple_entry_overgrown,
          nicolae_shop_distant_corner_stores, uniq_sigmund, uniq_blork_the_orc,
          uniq_ijyb
D:6:      layout_rooms, grunt_temple_overflow_holy_war, minmay_ruffians
D:7:      layout_basic, hangedman_abyss_or_decor_stabs, uniq_maurice
D:8:      layout_basic, minmay_stone_trees_small, kennysheep_cross_bottleneck,
          minmay_misc_feat_square, minmay_misc_feat_enclosed, uniq_grum

Skill      XL: |  1  2  3  4  5  6  7  8 |
---------------+-------------------------+-----
Armour         | 1 2 3 4 5 |  5.6
Maces & Flails | 4 5 6 8 |  8.1
Fighting       | 4 5 6 |  6.7
Dodging        | 3 |  3.0

Action                     |  1- 3 |  4- 6 |  7- 9 || total
---------------------------+-------+-------+-------++-------
  Melee: Mace              |    66 |    11 |       ||    77
         Hand axe          |     8 |       |       ||     8
         Morningstar       |       |   119 |   130 ||   249
         War axe           |       |       |     8 ||     8
  Throw: Dart              |       |     4 |     1 ||     5
         Stone             |       |       |     6 ||     6
 Invoke: Divine Shield     |       |       |     3 ||     3
  Evoke: Wand              |       |       |     2 ||     2
    Use: Potion            |       |       |     1 ||     1
 Armour: Robe              |    29 |       |       ||    29
         Plate armour      |    57 |   150 |   220 ||   427
  Dodge: Dodged            |    56 |    34 |    68 ||   158
